 Dungeon Sprint DCSS version 0.22.1-2-g9c5b331383 (webtiles) character file.

1729 Nattfarinn the Covert (level 8, -4/55 HPs)
             Began as a Vampire Assassin on Nov 28, 2018.
             Was an Initiate of Dithmenos.
             Killed by an exploding ballistomycete spore (26 damage)
             ... in the Dungeon (Sprint I: "Red Sonja").
             The game lasted 00:05:08 (2275 turns).

Nattfarinn the Covert (Vampire Assassin)            Turns: 2275, Time: 00:05:12

Health: -4/55      AC:  5    Str: 10    XL:     8   Next: 76%
Magic:  8/8        EV: 23    Int: 14    God:    Dithmenos [......]
Gold:   484        SH:  0    Dex: 17    Spells: 7/7 levels left

rFire    . . .     SeeInvis +   o - +0 short sword (distort)
rCold    + + .     Gourm    .   (no shield)
rNeg     + + +     Faith    .   n - +2 robe {MR+}
rPois    ∞         Spirit   .   (no helmet)
rElec    .         Reflect  .   d - +0 cloak
rCorr    .         Harm     .   (no gloves)
MR       +....     NoTele   +   (no boots)
Stlth    ++++++++..             (no amulet)
HPRegen  0.00/turn              (no ring)
MPRegen  0.11/turn              (no ring)

@: bloodless, non-regenerating
A: fangs 3, see invisible, unbreathing
a: Bat Form, Renounce Religion


You were in the Dungeon.
You worshipped Dithmenos.
Dithmenos was noncommittal.
You were bloodless.

You visited 1 branch You collected 484 gold pieces.

Inventory:

Hand Weapons
 a - a +2 dagger
 b - a +0 blowgun
 o - a +0 short sword of distortion (weapon)
Missiles
 e - 8 poisoned needles
 f - 9 curare-tipped needles
Armour
 c - a +0 robe
 d - a +0 cloak (worn)
 n - a +2 robe of magic resistance (worn)
Wands
 g - a wand of flame (17)
Scrolls
 m - a scroll of blinking
 p - a scroll of random uselessness {unknown}
 r - 2 scrolls of remove curse {unknown}
Potions
 h - a potion of curing
 i - a potion of heal wounds
 j - a potion of haste
 k - 2 potions of magic
 l - a potion of berserk rage
 q - a potion of blood
 s - a potion of ambrosia {unknown}


   Skills:
 + Level 1.7 Fighting
 + Level 2.1 Short Blades
 - Level 9.7 Throwing
 - Level 14.0 Dodging
 - Level 14.5 Stealth


You had 7 spell levels left.
You didn't know any spells.
Your spell library was empty.

Dungeon Overview and Level Annotations

Branches:
Dungeon (1/1)

Altars:
Cheibriados
Dithmenos
Elyvilon
Fedhas
Gozag
Hepliaklqana
Kikubaaqudgha
Makhleb
Nemelex Xobeh
Okawaru
Qazlal
Ru
Sif Muna
Trog
Uskayaw
Vehumet
Wu Jian
Xom
Yredelemnul
Zin
The Shining One
Jiyva
Lugonu

Shops:
D ![


Innate Abilities, Weirdness & Mutations

You do not heal naturally.
You are immune to poison.
You have razor-sharp teeth.
You have supernaturally acute eyesight. (SInv)
You can survive without breathing.


Message History

You open the door.
Found a dark potion and a glaive.
Found Voido's Armour Emporium.
There is an open door here.
s - a dark potion
There is an entrance to Voido's Armour Emporium here.
You see here a glaive.
There is an open door here.
There is an open door here.
You see here an uncursed blowgun.
You open the door. 2 ballistomycete spores come into view.
Found five items.
The ballistomycete spore waves its rhizomes.
The ballistomycete spore explodes!
The explosion of spores engulfs you!
Ouch! That really hurt!
The explosion of spores engulfs the ballistomycete spore.
The ballistomycete spore explodes!
The explosion of spores engulfs you!
You die...

#..#_____##'#_.+≈§§.§
#⌠⌠#_.∩..†'..._#§§
####_..__##_.#'##+###
#_____###'#.#....###
#########.####'###)##
.......+...'.....'.∩#
++++####.).##########
##.## #@# #$!$!$#
#$?)=$# #######


There were no monsters in sight!

Vanquished Creatures
  Sonja (D)
  A deep troll (D)
  A slime creature (D)
  Sigmund (D)
  A yak (D)
  An ogre (D)
  A jelly (D)
  Ijyb (D)
8 creatures vanquished.

Vanquished Creatures (others)
  A gargoyle (D)
1 creature vanquished.

Grand Total: 9 creatures vanquished

Notes
Turn   | Place    | Note
-------+----------+-------------------------------------------
     0 | D        | Nattfarinn the Vampire Assassin began the quest for the
                  | Orb.
     0 | D        | Reached XP level 1. HP: 16/16 MP: 1/1
   167 | D        | Killed a gargoyle
  2034 | D        | Noticed Ijyb
  2037 | D        | Killed Ijyb
  2037 | D        | Reached skill level 10 in Stealth
  2037 | D        | Reached XP level 2. HP: 22/22 MP: 2/2
  2040 | D        | Noticed an ogre
  2043 | D        | Killed an ogre
  2043 | D        | Reached XP level 3. HP: 27/27 MP: 3/3
  2043 | D        | Reached XP level 4. HP: 33/33 MP: 4/4
  2045 | D        | Noticed Sigmund
  2048 | D        | Killed Sigmund
  2048 | D        | Reached XP level 5. HP: 38/38 MP: 5/5
  2048 | D        | Reached XP level 6. HP: 44/44 MP: 6/6
  2098 | D        | Found a burning altar of Makhleb.
  2098 | D        | Found a viscous altar of Jiyva.
  2098 | D        | Found a shimmering altar of Xom.
  2098 | D        | Found a corrupted altar of Lugonu.
  2098 | D        | Noticed a slime creature
  2101 | D        | Killed a slime creature
  2103 | D        | Found an ornate altar of the Wu Jian Council.
  2103 | D        | Found a deep blue altar of Sif Muna.
  2105 | D        | Found a radiant altar of Vehumet.
  2124 | D        | Found Goluig's Distillery.
  2124 | D        | Found an ancient bone altar of Kikubaaqudgha.
  2124 | D        | Found a hazy altar of Hepliaklqana.
  2124 | D        | Found a hide-covered altar of Uskayaw.
  2124 | D        | Found a basalt altar of Yredelemnul.
  2124 | D        | Found an opulent altar of Gozag.
  2124 | D        | Found a snail-covered altar of Cheibriados.
  2124 | D        | Found a sacrificial altar of Ru.
  2124 | D        | Found a shadowy altar of Dithmenos.
  2124 | D        | Noticed a yak
  2125 | D        | Found a stormy altar of Qazlal.
  2125 | D        | Found a blossoming altar of Fedhas.
  2125 | D        | Found a bloodstained altar of Trog.
  2125 | D        | Found an iron altar of Okawaru.
  2125 | D        | Found a glowing golden altar of the Shining One.
  2125 | D        | Found a glowing silver altar of Zin.
  2125 | D        | Found a white marble altar of Elyvilon.
  2126 | D        | Killed a yak
  2126 | D        | Reached XP level 7. HP: 49/49 MP: 7/7
  2127 | D        | Found a sparkling altar of Nemelex Xobeh.
  2171 | D        | Became a worshipper of Dithmenos the Shadowed
  2184 | D        | Noticed a centaur warrior
  2192 | D        | Noticed Sonja
  2196 | D        | Killed Sonja
  2196 | D        | Reached XP level 8. HP: 55/55 MP: 8/8
  2222 | D        | Noticed a deep troll
  2226 | D        | Killed a deep troll
  2257 | D        | Found Voido's Armour Emporium.
  2275 | D        | Killed by an exploding ballistomycete spore

Skill      XL: |  1  2  3  4  5  6  7  8 |
---------------+-------------------------+-----
Stealth        | 10 14 | 14.5
Throwing       | 7 9 |  9.7
Dodging        | 6 11 14 | 14.0
Fighting       | |  1.7
Short Blades   | |  2.1

Action                   |  1- 3 |  4- 6 |  7- 9 || total
-------------------------+-------+-------+-------++-------
Melee: Dagger            |     2 |     4 |     1 ||     7
       Short sword       |       |       |     1 ||     1
 Stab: Sleeping          |     2 |     4 |     2 ||     8
